 Dungeon Crawl Stone Soup version 0.30-a0-1112-gfb780f5df6 (webtiles) character file.

Game seed: 9990292580691765242

54337 caveywoolpert the Arsonist (level 14, -16/90 HPs)
             Began as a Gargoyle Earth Elementalist on Apr 19, 2023.
             Was a High Priest of Vehumet.
             Demolished by a +6 spectral giant spiked club (33 damage)
             ... created by Erolcha
             ... on level 12 of the Dungeon.
             The game lasted 00:30:56 (19791 turns).

caveywoolpert the Arsonist (GrEE)                  Turns: 19791, Time: 00:30:56

Health: -16/90     AC: 25    Str: 14    XL:     14   Next: 72%
Magic:  37/52      EV: 12    Int: 25    God:    Vehumet [*****.]
Gold:   2649       SH:  5    Dex: 10    Spells: 19/33 levels left

rFire   . . .      SeeInvis .    E - +6 Majin-Bo {spellvamp, MP+6 Int+6}
rCold   . . .      Faith    .    V - +0 buckler
rNeg    + . .      Spirit   .    J - +0 steam dragon scales
rPois   ∞          Reflect  .    s - +0 helmet
rElec   +          Rampage  .    c - +1 cloak of Hedonism {Will++ MP+9 Str+2 Int-2}
rCorr   .                        Q - +1 pair of gloves
Will    +++++                    W - +0 pair of boots
Stlth   ++                       Y - amulet "Quimneur" {RegenMP Will+ Slay+5}
HPRegen 0.35/turn                f - ring of willpower
MPRegen 0.73/turn                S - ring of magical power

@: flying
A: sickness immunity, AC +10, big wings, negative energy resistance 1,
electricity resistance, torment resistance 1, petrification resistance
a: Renounce Religion


You were on level 12 of the Dungeon.
You worshipped Vehumet.
Vehumet was extremely pleased with you.
You visited 3 branches of the dungeon, and saw 18 of its levels.
You also visited: Sewer and Gauntlet.

You collected 2659 gold pieces.
You spent 10 gold pieces at shops.

Inventory:

Hand Weapons
 E - the +6 Majin-Bo (weapon) {spellvamp, MP+6 Int+6}
   (You found it on level 3 of the Lair of Beasts)

   Int:       It affects your intelligence (+6).
   MP:        It affects your magic capacity (+6).
 Z - the +4 long sword "Moer Koufo" {flame, rF+ Dex+2}
   (You found it on level 5 of the Lair of Beasts)

   Dex:       It affects your dexterity (+2).
   rF:        It protects you from fire.
Armour
 c - the +1 cloak of Hedonism (worn) {Will++ MP+9 Str+2 Int-2}
   (You found it in a Gauntlet)

   Str:       It affects your strength (+2).
   Int:       It affects your intelligence (-2).
   MP:        It affects your magic capacity (+9).
   Will:      It greatly increases your willpower.
 s - a +0 helmet (worn)
 C - a +0 leather armour of cold resistance
 J - +0 steam dragon scales (worn)
 Q - a +1 pair of gloves (worn)
 V - a +0 buckler (worn)
 W - a +0 pair of boots (worn)
Jewellery
 f - a ring of willpower (left hand)
 D - a ring of protection from cold
 I - a ring of protection from fire
 S - a ring of magical power (right hand)
 Y - the amulet "Quimneur" (around neck) {RegenMP Will+ Slay+5}
   (You took it off a minotaur in a Gauntlet)

   [amulet of magic regeneration]

   It increases your rate of magic regeneration.
   Slay:      It affects your accuracy & damage with ranged weapons and melee
   (+5).
   Will:      It increases your willpower.
Wands
 a - a wand of roots (7)
 r - a wand of charming (4)
 A - a wand of polymorph (8)
 F - a wand of digging (8)
 L - a wand of light (7)
 T - a wand of mindburst (10)
Scrolls
 b - 3 scrolls of vulnerability
 g - 4 scrolls of fog
 h - a scroll of identify
 i - 2 scrolls of magic mapping
 k - 14 scrolls of teleportation {unknown}
 m - 6 scrolls of poison
 q - 4 scrolls of fear
 v - 2 scrolls of summoning
 y - 4 scrolls of blinking
 H - 3 scrolls of amnesia
 K - 2 scrolls of torment
 N - a scroll of silence
 U - a scroll of immolation {unknown}
 X - a scroll of acquirement
Potions
 d - 5 potions of lignification
 e - 6 potions of mutation
 j - 6 potions of invisibility
 n - 4 potions of haste
 o - a potion of brilliance {unknown}
 p - a potion of resistance {unknown}
 t - 3 potions of cancellation
 u - 3 potions of berserk rage
 w - 4 potions of heal wounds
 z - 2 potions of flight
 B - 7 potions of might
 G - 9 potions of curing
 M - 4 potions of magic
 P - a potion of ambrosia
 R - 3 potions of attraction {unknown}
Miscellaneous
 l - a phantom mirror (inert)


   Skills:
 + Level 11.0 Fighting
 - Level 10.0 Armour
 + Level 3.2 Dodging
 - Level 2.1 Stealth
 + Level 8.5 Shields
 - Level 10.0 Spellcasting
 - Level 5.0 Conjurations
 - Level 0.7 Transmutations
 + Level 13.7 Fire Magic
 - Level 10.0 Earth Magic
 - Level 5.0 Poison Magic


You had 19 spell levels left.
You knew the following spells:

 Your Spells              Type           Power      Damage    Failure   Level
a - Sandblast             Erth           100%       2d20      1%          1
b - Stone Arrow           Conj/Erth      100%       3d13      1%          3
c - Starburst             Conj/Fire      28%        6d9       5%          6
d - Olgreb's Toxic Radia  Pois           37%        N/A       2%          4

Your spell library contained the following spells:

 Spells                   Type           Power      Damage    Failure   Level
 Airstrike                Air            6%         2d(1-17)  16%         4
 Momentum Strike          Conj/Tloc      50%        3d9       1%          2
 Passwall                 Tmut/Erth      32%        N/A       1%          2
 Dazzling Flash           Conj/Hex       50%        N/A       1%          3
 Volatile Blastmotes      Fire/Tloc      92%        2d17      1%          3
 Frozen Ramparts          Ice            24%        1d4       5%          3
 Apportation              Tloc           24%        N/A       6%          1
 Iskenderun's Mystic Bla  Conj/Tloc      25%        2d7       6%          4
 Wereblood                Tmut           16%        N/A       7%          2
 Petrify                  Tmut/Erth      39%        N/A       7%          4
 Animate Armour           Summ/Erth      74%        N/A       8%          4
 Blink                    Tloc           24%        N/A       9%          2
 Ensorcelled Hibernation  Hex/Ice        24%        N/A       9%          2
 Lesser Beckoning         Tloc           24%        N/A       9%          2
 Iron Shot                Conj/Erth      25%        9d5       11%         6
 Arcjolt                  Conj/Air       12%        1d22      16%         5
 Plasma Beam              Fire/Air       23%        2x1d38    16%         6
 Swiftness                Air            12%        N/A       19%         3
 Vhi's Electric Charge    Tloc/Air       24%        N/A       19%         3
 Ice Form                 Ice/Tmut       14%        N/A       45%         4
 Alistair's Intoxication  Tmut/Pois      17%        N/A       45%         5
 Summon Ice Beast         Ice/Summ       12%        N/A       52%         4
 Blade Hands              Tmut           8%         N/A       77%         5
 Summon Forest            Summ/Tloc      6%         N/A       86%         5
 Summon Mana Viper        Hex/Summ       12%        N/A       86%         5
 Summon Cactus Giant      Summ           6%         N/A       100%        6
 Summon Hydra             Summ           6%         N/A       100%        7
 Sublimation of Blood     Necr           Unusable   N/A       N/A         2

Dungeon Overview and Level Annotations

Branches:
Dungeon (12/15)            Temple (1/1) D:5            Lair (5/5) D:11
 Shoals (0/4) Lair:3       Spider (0/4) Lair:3        Slime (0/5) Lair:5
    Orc (0/2) D:12          Sewer (visited)         Gauntlet (visited)

Altars:
Ashenzari
Cheibriados
Dithmenos
Fedhas
Gozag
Hepliaklqana
Makhleb
Okawaru
Qazlal
Ru
Sif Muna
Uskayaw
Vehumet
Wu Jian
Xom
Yredelemnul
Zin
The Shining One
Jiyva

Shops:
D:3 =   D:8 *   D:9 (

Annotations:
D:12 Erolcha
Lair:4 2 transporters, Sudiex's ghost, journeyman DsFE


Innate Abilities, Weirdness & Mutations

You are immune to sickness and miasma.
Your stone body is resilient. (AC +10)
You are immune to poison.
Your large and strong wings let you fly.
You resist negative energy. (rN+)
You are resistant to electric shocks. (rElec)
You are resistant to unholy torment.
You are immune to petrification.


Message History

Aiming: Stone Arrow (safe; 1% risk of failure)
Press: ? - help, Shift-Dir - straight line You can't see that place. [the floor.]
Okay, then.
Casting: Stone Arrow (safe; 1% risk of failure)
Confirm with . or Enter, or press ? or * to list all spells.
Aiming: Stone Arrow (safe; 1% risk of failure)
Press: ? - help, Shift-Dir - straight line The stone arrow hits something!
You feel better. Something hits you!!
The +6 spectral giant spiked club misses you.
Casting: Stone Arrow (safe; 1% risk of failure)
Confirm with . or Enter, or press ? or * to list all spells.
Casting: Starburst (dangerous; 5% risk of failure)
Press: ? - help, Dir - look around, f - activate The bolt of fire hits something!
You feel better.
The bolt of fire hits the +6 spectral giant spiked club!
The +6 spectral giant spiked club resists.
The +6 spectral giant spiked club is heavily damaged.
The +6 spectral giant spiked club hits you!!
The +6 spectral giant spiked club hits you!
* * * LOW HITPOINT WARNING * * *
The +6 spectral giant spiked club barely misses you.
You block something's attack.
The +6 spectral giant spiked club closely misses you.
Unknown command.
Unknown command.
Unknown command.
Casting: Starburst (dangerous; 5% risk of failure)
Confirm with . or Enter, or press ? or * to list all spells.
Casting: Starburst (dangerous; 5% risk of failure)
Press: ? - help, Dir - look around, f - activate The bolt of fire hits the +6 spectral giant spiked club!
The +6 spectral giant spiked club resists.
The +6 spectral giant spiked club is almost destroyed.
* * * LOW HITPOINT WARNING * * *
The +6 spectral giant spiked club misses you.
The +6 spectral giant spiked club closely misses you.
The +6 spectral giant spiked club hits you!!
You die...

***#####*############*****#
*,,.....,#..........#,,,,,#
*,,......#..........#,,,,,#
*,,......#..........#,,,,,+
*,,......†..(.).....#,,,,,#
*,,......#.(..)######,,,,,#
*,,.....,#@.).)#....#,,,,,,
*,,....,,#...))#....#,,,,,,
*,,...,,,#....)#....#,,,,,,
*,,..,,,,#..........#######
*,,.,,,,,#..........#.....#
*,,,,,,,,#..........#.....#
*,,,,,,,,#..........#.....#
################....#.....#
#........#.....'....#.....#


You could see a +6 spectral giant spiked club.

Vanquished Creatures
  Rupert (D:12)
  A minotaur (Gauntlet)
  5 hydras
  A catoblepas (Lair:2)
  A death knight (D:12)
  A boulder beetle (D:12)
  3 two-headed ogres (D:11)
  Nergalle (D:10)
  Lodul (D:12)
  Pikel (D:5)
  2 cyclopes
  2 oklob plants (D:11)
  2 ugly things (D:12)
  12 elephants
  A moth of wrath (Gauntlet)
  3 black mambas
  A merfolk siren (Lair:3)
  An apocalypse crab (Gauntlet)
  Maggie (D:6)
  16 cane toads
  2 rime drakes
  13 komodo dragons
  3 tyrant leeches (Lair:5)
  3 polar bears
  2 merfolk (Lair:3)
  A hornet (D:10)
  29 blink frogs
  4 dream sheep (Lair:4)
  A jumping spider (Lair:3)
  5 slime creatures (D:12)
  5 flying skulls (Gauntlet)
  Sigmund (D:2)
  3 shadows
  4 wyverns
  42 yaks
  A culicivora (Lair:3)
  2 wraiths (D:10)
  6 basilisks
  3 steam dragons
  5 vampire mosquitoes (Lair:5)
  2 redbacks (Lair:3)
  2 acid dragons
  7 water moccasins
  An ice beast (D:6)
  2 orc warriors
  8 ogres (D:12)
  3 sky beasts
  3 black bears
  A centaur (D:6)
  16 wolves
  4 kobold brigands
  12 bullfrogs
  4 scorpions
  3 wights (D:10)
  17 killer bees
  3 electric eels
  11 howler monkeys
  Crazy Yiuf (D:6)
  7 hounds
  5 jellies
  2 orc priests (D:4)
  3 sleepcaps
  8 orc wizards
  4 iguanas
  Robin (D:2)
  10 gnolls
  5 adders
  3 river rats (Sewer)
  4 shadow imps
  2 white imps
  3 worms
  4 dart slugs
  32 orcs
  9 ball pythons
  6 bats
  14 endoplasms
  10 giant cockroaches
  10 hobgoblins
  35 kobolds
  7 quokkas
  6 frilled lizards
  17 goblins
  A goblin zombie (D:5)
  3 hobgoblin zombies (D:5)
  2 kobold skeletons (D:5)
  3 orc skeletons (D:5)
  An orc zombie (D:5)
  6 rats
  2 butterflies (Lair:4)
517 creatures vanquished.

Vanquished Creatures (others)
  36 fungi
  68 plants
104 creatures vanquished.

Grand Total: 621 creatures vanquished

Notes
Turn   | Place    | Note
-------+----------+-------------------------------------------
     0 | D:1      | caveywoolpert the Gargoyle Earth Elementalist began the
                  | quest for the Orb.
     0 | D:1      | Reached XP level 1. HP: 10/10 MP: 3/3
    95 | D:1      | Reached XP level 2. HP: 11/15 MP: 1/5
   240 | D:1      | You fall into a shaft and drop 1 floor!
   281 | D:2      | Noticed Robin
   314 | D:2      | Killed Robin
   315 | D:2      | Reached XP level 3. HP: 5/19 MP: 0/7
   856 | D:1      | Reached XP level 4. HP: 20/24 MP: 4/8
  1230 | D:2      | Reached skill level 5 in Earth Magic
  1338 | D:2      | Noticed Sigmund
  1344 | D:2      | Killed Sigmund
  1345 | D:2      | Reached XP level 5. HP: 21/28 MP: 3/11
  1345 | D:2      | Reached XP level 6. HP: 24/32 MP: 3/12
  1349 | D:2      | Learned a level 3 spell: Stone Arrow
  1436 | D:2      | Identified the +1 ring mail of Nihilism {Rampage Will-
                  | Int-2 Dex+9}
  2014 | D:3      | Noticed a +0 dagger
  2015 | D:3      | Noticed a +0 falchion
  2016 | D:3      | Noticed a +0 short sword
  2016 | D:3      | Noticed a +0 spear
  2016 | D:3      | Noticed a +0 dagger
  2016 | D:3      | Noticed a +0 short sword
  2018 | D:3      | Noticed a +0 falchion
  2018 | D:3      | Noticed a +0 spear
  2029 | D:3      | Found a hide-covered altar of Uskayaw.
  2390 | D:3      | Found Jys Esi's One-of-a-Kind Rings.
  2418 | D:3      | Identified the +10 short sword of the Shouting Shark
                  | {antimagic, +Blink rF+}
  2550 | D:4      | Found a glowing drain.
  2562 | Sewer    | Entered a sewer
  2673 | Sewer    | Reached skill level 1 in Conjurations
  2808 | Sewer    | Reached skill level 1 in Fighting
  2908 | Sewer    | Found a shimmering altar of Xom.
  2939 | Sewer    | Reached skill level 1 in Armour
  2992 | Sewer    | Reached XP level 7. HP: 38/38 MP: 9/13
  3871 | D:4      | Reached XP level 8. HP: 41/45 MP: 10/15
  4580 | D:5      | Entered Level 5 of the Dungeon
  4668 | D:5      | Found a glowing golden altar of the Shining One.
  4828 | D:5      | Found a staircase to the Ecumenical Temple.
  4920 | Temple   | Entered the Ecumenical Temple
  4928 | Temple   | Became a worshipper of Vehumet
  5108 | D:5      | Reached skill level 5 in Spellcasting
  5202 | D:5      | Identified the +3 quarterstaff of Disarray {venom, Fragile
                  | Str+6}
  5300 | D:5      | Noticed Pikel
  5312 | D:5      | Killed Pikel
  5313 | D:5      | Reached skill level 5 in Conjurations
  5313 | D:5      | Reached XP level 9. HP: 46/52 MP: 1/17
  6052 | D:6      | Found a runed translucent door.
  6053 | D:6      | Noticed Crazy Yiuf
  6097 | D:6      | Noticed Maggie
  6102 | D:6      | Killed Maggie
  6102 | D:6      | Reached * piety under Vehumet
  6102 | D:6      | Offered knowledge of Freeze by Vehumet.
  6348 | D:6      | Found a snail-covered altar of Cheibriados.
  6568 | D:6      | Found a burning altar of Makhleb.
  6568 | D:6      | Found a glowing silver altar of Zin.
  6569 | D:6      | Noticed an angel
  6569 | D:6      | Noticed a blizzard demon
  6656 | D:6      | Reached skill level 5 in Fighting
  6659 | D:6      | Reached skill level 5 in Armour
  6854 | D:6      | Killed Crazy Yiuf
  7326 | D:7      | Offered knowledge of Shock by Vehumet.
  7327 | D:7      | Reached ** piety under Vehumet
  7458 | D:7      | Found a broken altar of Ashenzari.
  7635 | D:8      | Reached skill level 1 in Fire Magic
  7635 | D:8      | Reached XP level 10. HP: 60/60 MP: 8/19
  7854 | D:8      | Found a shimmering blue altar of Sif Muna.
  7861 | D:8      | Found a sacrificial altar of Ru.
  7885 | D:8      | Found Foeb's Specific Store.
  7886 | D:8      | Found Acvuidih's General Store.
  8078 | D:8      | Bought a potion of degeneration for 10 gold pieces
  8436 | D:9      | Found Plog's Weapon Shop.
  8491 | D:9      | Reached skill level 10 in Earth Magic
  8607 | D:9      | Learned a level 6 spell: Starburst
  8639 | D:9      | Reached skill level 2 in Fire Magic
  9305 | D:10     | Entered Level 10 of the Dungeon
  9319 | D:10     | Offered knowledge of Scorch by Vehumet.
  9447 | D:10     | Reached skill level 3 in Fire Magic
  9646 | D:10     | Reached *** piety under Vehumet
  9903 | D:10     | Noticed Nergalle
  9938 | D:10     | Reached skill level 4 in Fire Magic
  9952 | D:10     | Killed Nergalle
  9953 | D:10     | Reached XP level 11. HP: 25/68 MP: 8/22
 10147 | D:10     | Offered knowledge of Olgreb's Toxic Radiance by Vehumet.
 10153 | D:10     | Learned a level 4 spell: Olgreb's Toxic Radiance
 10520 | D:10     | Identified a scroll of acquirement
 10522 | D:10     | Acquired 831 gold pieces
 10587 | D:11     | Noticed a two-headed ogre
 10593 | D:11     | Killed a two-headed ogre
 10594 | D:11     | Reached skill level 1 in Poison Magic
 10708 | D:11     | Noticed an oklob plant
 10712 | D:11     | Killed an oklob plant
 10761 | D:11     | Found a staircase to the Lair.
 10761 | D:11     | Noticed an oklob plant
 10985 | D:11     | Noticed a two-headed ogre
 10995 | D:11     | Reached skill level 5 in Fire Magic
 11001 | D:11     | Killed a two-headed ogre
 11252 | D:11     | Noticed a two-headed ogre
 11260 | D:11     | Killed a two-headed ogre
 11593 | D:11     | Noticed a cyclops
 11596 | D:11     | Killed a cyclops
 11772 | D:11     | Found a shadowy altar of Dithmenos.
 12059 | D:11     | Killed an oklob plant
 12130 | Lair:1   | Entered Level 1 of the Lair of Beasts
 12544 | Lair:1   | Reached skill level 5 in Poison Magic
 12716 | Lair:1   | Reached XP level 12. HP: 54/76 MP: 23/24
 13131 | Lair:2   | Reached skill level 6 in Fire Magic
 13190 | Lair:2   | Reached **** piety under Vehumet
 13217 | Lair:2   | Offered knowledge of Inner Flame by Vehumet.
 13325 | Lair:2   | Noticed a catoblepas
 13333 | Lair:2   | Killed a catoblepas
 13559 | Lair:2   | Found an opulent altar of Gozag.
 13622 | Lair:2   | Found the +5 robe of Night {Dark Will+ SInv}
 13981 | Lair:3   | Found the +6 Majin-Bo {spellvamp, MP+6 Int+6}
 13989 | Lair:3   | Reached skill level 7 in Fire Magic
 14053 | Lair:3   | Reached skill level 10 in Fighting
 14191 | Lair:3   | Reached skill level 10 in Armour
 14408 | Lair:3   | Reached skill level 8 in Fire Magic
 14462 | Lair:3   | Found a staircase to the Shoals.
 14595 | Lair:3   | Reached skill level 10 in Spellcasting
 14752 | Lair:3   | Found a hole to the Spider Nest.
 14785 | Lair:3   | Reached XP level 13. HP: 82/82 MP: 23/27
 14799 | Lair:3   | Reached skill level 9 in Fire Magic
 15359 | Lair:4   | Reached skill level 10 in Fire Magic
 15616 | Lair:4   | Reached ***** piety under Vehumet
 15730 | Lair:4   | Found a transporter.
 15735 | Lair:4   | Found a transporter.
 15735 | Lair:4   | Noticed Sudiex's ghost (journeyman DsFE)
 15791 | Lair:4   | Reached skill level 11 in Fire Magic
 16072 | Lair:4   | Offered knowledge of Ozocubu's Refrigeration by Vehumet.
 16494 | Lair:5   | Entered Level 5 of the Lair of Beasts
 16627 | Lair:5   | Reached skill level 1 in Shields
 16891 | Lair:5   | Reached skill level 12 in Fire Magic
 17032 | Lair:5   | Reached skill level 5 in Shields
 17081 | Lair:5   | Gained mutation: Your large and strong wings let you fly.
                  | [Gargoyle growth]
 17081 | Lair:5   | Reached XP level 14. HP: 88/88 MP: 28/28
 17228 | Lair:5   | Identified the +4 long sword "Moer Koufo" {flame, rF+
                  | Dex+2}
 17283 | Lair:5   | Reached skill level 13 in Fire Magic
 17649 | Lair:5   | Found a viscous altar of Jiyva.
 17650 | Lair:5   | Found a staircase to the Slime Pits.
 18196 | D:12     | Found a gate leading to a gauntlet.
 18206 | Gauntlet | Entered a Gauntlet
 18206 | Gauntlet | Found a transporter.
 18206 | Gauntlet | Found a transporter.
 18218 | Gauntlet | Found a transporter.
 18221 | Gauntlet | Found a transporter.
 18231 | Gauntlet | Found a transporter.
 18233 | Gauntlet | Found a transporter.
 18247 | Gauntlet | Found a transporter.
 18260 | Gauntlet | Found a runed translucent gate.
 18261 | Gauntlet | Found a transporter.
 18261 | Gauntlet | Found a runed translucent gate.
 18262 | Gauntlet | Found a runed translucent gate.
 18278 | Gauntlet | Found a transporter.
 18282 | Gauntlet | Found a transporter.
 18290 | Gauntlet | Found a transporter.
 18294 | Gauntlet | Found a transporter.
 18295 | Gauntlet | Found a runed translucent door.
 18347 | Gauntlet | Offered knowledge of Airstrike by Vehumet.
 18550 | Gauntlet | Identified the +1 cloak of Hedonism {Will++ MP+9 Str+2
                  | Int-2}
 18765 | Gauntlet | Identified the +1 hat of the Caustic Wumpus {Dex+2}
 18836 | Gauntlet | Identified the amulet "Quimneur" {RegenMP Will+ Slay+5}
 19166 | D:12     | Found a staircase to the Orcish Mines.
 19441 | D:12     | Noticed Rupert
 19453 | D:12     | Killed Rupert
 19744 | D:12     | Noticed Lodul
 19750 | D:12     | Killed Lodul
 19778 | D:12     | Noticed Erolcha
 19791 | D:12     | Demolished by a +6 spectral giant spiked club

Illustrated notes

Levels and vault maps discovered:
D:1:      mushboom_english_gardens, layout_rooms
D:2:      layout_loops_ring, serial_bayou_pond_d, minmay_misc_feat_nine_boxes,
          nicolae_figureground_sparkle, uniq_sigmund, uniq_robin
D:3:      cheibrodos_pilgrimage, layout_loops_ring, nicolae_uskayaw_en_pointe,
          nicolae_shop_unique_rings, minivault_14
D:4:      layout_basic, gup_sewer_entry_pipe
D:5:      corexii_shack_village, layout_basic, nicolae_tso_besieged_by_evil,
          minmay_temple_entry_statues_pillars, chequers_serial_rivers_marsh,
          hangedman_decor_slide_cut, uniq_pikel
D:6:      nicolae_cairo_tiling_very_big, layout_loops_cross,
          grunt_temple_overflow_order_and_chaos_2, slow_altar_2,
          dreamdust_gnoll_farm, uniq_crazy_yiuf_cottage, uniq_maggie
D:7:      layout_cave_pools, cheibrodos_ashenzari_chains, st_stairs_13
D:8:      layout_basic, mainiacjoe_overflow_big_doors,
          minmay_misc_feat_more_columns, dreamdust_mushroom_princess,
          nicolae_specific_store, minivault_19
D:9:      layout_irregular_city, serial_shops, shop_fountains,
          minmay_misc_feat_roman
D:10:     layout_long_grid, uniq_nergalle
D:11:     layout_loops_corners, dpeg_oklobed_lair, serial_glass,
          glass_columns_b, glass_columns_a,
          nicolae_dithmenos_through_a_glass_darkly
D:12:     layout_grid_maze, orc_0_dummy, gauntlet_entry_generic, uniq_erolcha,
          uniq_lodul, uniq_rupert
Temple:   nicolae_temple_two_arcs
Lair:1:   layout_layer_cave
Lair:2:   layout_concentric_octagons, basic_altar, beast_lair_carwin_5
Lair:3:   layout_chaotic_city, elwin_shoals_entry_rooms,
          nicolae_spider_entry_tight_spaces
Lair:4:   layout_cave_pods, gammafunk_ghost_hive, lemuel_fruit_fields
Lair:5:   minmay_lair_end_frog_pond, layout_regular_city, slime_entry_1,
          kennysheep_basilisk_garden

Skill      XL: |  1  2  3  4  5  6  7  8  9 10 11 12 13 14 |
---------------+-------------------------------------------+-----
Earth Magic    | 4 6 8 9 10 | 10.0
Spellcasting   | 3 4 5 6 7 8 10 | 10.0
Conjurations   | 2 3 5 |  5.0
Fighting       | 1 2 3 5 7 9 10 11 | 11.0
Armour         | 1 2 3 5 7 8 10 | 10.0
Fire Magic     | 1 4 5 8 12 13 | 13.7
Poison Magic   | 5 |  5.0
Shields        | 5 8 |  8.5
Dodging        | 3 |  3.2
Stealth        | |  2.1
Transmutations | |  0.7

Action                     |  1- 3 |  4- 6 |  7- 9 | 10-12 | 13-15 || total
---------------------------+-------+-------+-------+-------+-------++-------
  Melee: Unarmed           |    18 |     9 |     1 |       |       ||    28
         Dagger            |       |       |     7 |       |       ||     7
         Quarterstaff      |       |       |     7 |    34 |       ||    41
         Bo                |       |       |       |       |     6 ||     6
   Cast: Sandblast         |    51 |   102 |   185 |   212 |   181 ||   731
         Stone Arrow       |       |       |    20 |    91 |   121 ||   232
         Olgreb's Toxic Ra |       |       |       |    30 |    37 ||    67
         Starburst         |       |       |       |       |    24 ||    24
  Evoke: Phantom mirror    |       |       |       |       |     1 ||     1
    Use: Potion            |     1 |       |       |       |       ||     1
         Scroll            |       |     1 |       |    20 |     4 ||    25
 Armour: Robe              |    28 |    22 |    10 |       |       ||    60
         Leather armour    |       |       |    31 |       |       ||    31
         Steam dragon scal |       |       |    34 |   218 |   122 ||   374
  Dodge: Dodged            |    40 |    39 |    76 |   192 |   101 ||   448
  Block: Buckler           |       |       |       |       |    33 ||    33

Table legend: (Time is in decaauts)
 A = Elapsed time spent in this place.
 B = Non-inter-level travel time spent in this place.
 C = Inter-level travel time spent in this place.
 D = Time resting spent in this place.
 E = Time spent auto-exploring this place.
 F = Levels seen in this place.
 G = Mean time per level.
                   A        B        C        D        E       F      G
               +--------+--------+--------+--------+--------+-----+--------+
         Total |  20215 |  19277 |    938 |    422 |  15619 |  20 | 1010.8 |
       Dungeon |  12623 |  11982 |    641 |      6 |  10061 |  12 | 1051.9 |
        Temple |     16 |      2 |     14 |      0 |      0 |   1 |   16.0 |
          Lair |   6130 |   5848 |    282 |     78 |   4828 |   5 | 1226.0 |
         Sewer |    558 |    558 |      0 |      0 |    425 |   1 |  558.0 |
      Gauntlet |    887 |    887 |      0 |    338 |    304 |   1 |  887.0 |
               +--------+--------+--------+--------+--------+-----+--------+

Top non-repeatable levels by time:
    D:11: 1629 daAuts
  Lair:5: 1605 daAuts
  Lair:3: 1429 daAuts
    D:10: 1293 daAuts
     D:4: 1251 daAuts
     D:5: 1244 daAuts
     D:2: 1223 daAuts
  Lair:4: 1198 daAuts
     D:6: 1144 daAuts
  Lair:1: 1007 daAuts
     D:3: 907 daAuts
  Lair:2: 889 daAuts
Gauntlet: 887 daAuts
     D:9: 881 daAuts
     D:8: 849 daAuts
